Match 37713198
Unlisted

Match 37713198
End
Construct Infanterie Kompanie
Grenadier Squad
MG 42 Machine Gun Team
Grenadier Squad
Grenadier Squad
Construct Luftwaffe Kompanie
221 Scout Car
Pioneer Squad
Selects Mechanized Battlegroup
Selects Mobile Repair Stations
Jäger Squad
Flak 30 Anti-aircraft Gun Team
Luftwaffe Officer Quarters
Support Elements
Selects Wespe Self-propelled Artillery
Marder III M Tank Destroyer
Medical Bunker
Wespe Self-propelled Artillery
Wirbelwind Flakpanzer
Wirbelwind Flakpanzer
Medical Station
Marder III M Tank Destroyer
Selects Raid Package
Selects 8 Rad Armored Car
Jäger Squad
Marder III M Tank Destroyer
Marder III M Tank Destroyer
Marder III M Tank Destroyer
Selects Panther Heavy Tank
Panther Heavy Tank
娘希匹,优势在我!
沐雨轻然
嘎哥
화나?너못하자나
torbjornuser
카츄사
迷失之解脱者
한국사람
0
0

Comments sign in to comment!

No comments posted yet!